 Dungeon Sprint DCSS version 0.22-a0-422-g9628fc8 (webtiles) character file.

178656 Goblin1989 the Demonic Aeon (level 17, -3/171 HPs)
             Began as a Demonspawn Monk on May 21, 2018.
             Was the Champion of Cheibriados.
             Slain by a ghoul (13 damage)
             ... while paralysed by an ancient lich
             ... in the Dungeon (Sprint V: "Ziggurat Sprint").
             The game lasted 00:38:43 (3217 turns).

Goblin1989 the Demonic Aeon (Demonspawn Monk)       Turns: 3217, Time: 00:38:44

Health: -3/171     AC: 47    Str: 46    XL:     17   Next: 58%
Magic:  1/34       EV:  2    Int: 28    God:    Cheibriados [******]
Gold:   0          SH:  0    Dex: 32    Spells: 16/16 levels left

rFire    + . .     SeeInvis .   O - staff of energy {@w2, !a, !d!a}
rCold    + + .     Gourm    .   F - +18 shield of the Gong {rElec rN+ MR+ EV-5}
rNeg     + . .     Faith    .   C - +12 gold dragon scales
rPois    +         Spirit   .   (no helmet)
rElec    +         Reflect  +   (no cloak)
rCorr    .         Harm     .   H - +2 pair of gloves {Str+3}
MR       ++...     NoTele   +   (boots unavailable)
Stlth    ..........             t - brooch of Shielding {Reflect SH+8}
HPRegen  0.38/turn              L - +6 ring of strength
MPRegen  0.24/turn              M - +6 ring of strength

@: paralysed, studying Armour, drained, very slow
A: hooves 3, yellow scales 2, cold resistance 1, deformed body, icemail,
nightstalker 1, freezing cloud immunity
a: Bend Time, Temporal Distortion, Slouch, Step From Time, Renounce Religion


You were in the Dungeon.
You worshipped Cheibriados.
Cheibriados was exalted by your worship.
You were full.

You visited 1 branch

Inventory:

Hand Weapons
 a - the +3 Elemental Staff {rElec rF++ rC++ MR++ AC+5}
   (You found it in the Dungeon)

   It affects your AC (+5).
   It greatly protects you from fire.
   It greatly protects you from cold.
   It insulates you from electricity.
   It affects your resistance to hostile enchantments.
 b - a +5 broad axe of freezing
Missiles
 w - 31 javelins of penetration (quivered) {@Q2}
 Z - 2 throwing nets {!d , @Q1}
Armour
 C - +12 gold dragon scales (worn)
 F - the +18 shield of the Gong (worn) {rElec rN+ MR+ EV-5}
   (You found it in the Dungeon)

   It affects your evasion (-5).
   It insulates you from electricity.
   It protects you from negative energy.
   It affects your resistance to hostile enchantments.
 H - a +2 pair of gloves of strength (worn)
Magical Staves
 O - an uncursed staff of energy (weapon) {@w2, !a, !d!a}
 X - an uncursed staff of power {!a}
Jewellery
 g - an uncursed ring of resist corrosion
 o - the amulet "Bemai" {Reflect MR+ SH+3}
   (You found it in the Dungeon)

   [amulet of reflection]

   It shields you and reflects attacks.
   It affects your resistance to hostile enchantments.
   It affects your SH (+3).
 s - the cursed necklace of Bloodlust {*Rage +Rage MR++ Int-3 Slay+6 *Curse}
   (You found it in the Dungeon)

   [amulet of rage]

   It affects your intelligence (-3).
   It affects your accuracy and damage with ranged weapons and melee attacks
   (+6).
   It affects your resistance to hostile enchantments.
   It lets you go berserk.
   It may make you go berserk in combat.
   It curses itself when equipped.
   It has a curse placed upon it.
 t - the brooch of Shielding (around neck) {Reflect SH+8}
   (You found it in the Dungeon)

   [amulet of reflection]

   It shields you and reflects attacks.
   It affects your SH (+8).
 y - the ring "Heg Feuc" {rC+ rN+ Str-4 Dex+4}
   (You found it in the Dungeon)

   [ring of positive energy]

   It affects your strength (-4).
   It affects your dexterity (+4).
   It protects you from cold.
   It protects you from negative energy.
 J - the ring "Xyibb" {MR+ Str+4 Int+7}
   (You found it in the Dungeon)

   [ring of protection from magic]

   It affects your strength (+4).
   It affects your intelligence (+7).
   It affects your resistance to hostile enchantments.
 L - a +6 ring of strength (left hand)
 M - a +6 ring of strength (right hand)
 N - the amulet of Vitality {Regen+ HP+15}
   (You found it in the Dungeon)

   [amulet of regeneration]

   It affects your health (+15).
   It increases your rate of regeneration.
Wands
 A - a wand of acid (7) {@v2}
 I - a wand of iceblast (6) {@v4}
Scrolls
 z - a scroll of enchant armour
 B - 2 scrolls of blinking
 E - 6 scrolls of fog
 R - 5 scrolls of identify {@r1}
 S - 5 scrolls of remove curse {@r3}
 T - 2 scrolls of fear
Potions
 c - 5 potions of heal wounds {@q2}
 d - 9 potions of curing {@q1}
 r - 2 potions of might {@q4}
 K - 5 potions of magic
 U - 2 potions of brilliance
 V - a potion of invisibility
 W - 2 potions of resistance
 Y - a potion of agility {@q5}
Books
 m - a manual of Armour
Miscellaneous
 l - 3 boxes of beasts
 q - 2 phantom mirrors
 x - a fan of gales
 P - a phial of floods
 Q - a lamp of fire
Comestibles
 e - a ration


   Skills:
 + Level 25.9(25.7) Fighting
 - Level 18.2(18.0) Axes
 + Level 23.9(23.7) Armour
 + Level 21.4(21.2) Dodging
 - Level 1.7(1.6) Stealth
 - Level 15.0(14.8) Shields
 O Level 27(26.7) Invocations
 * Level 16.4(16.2) Evocations


You had 16 spell levels left.
You didn't know any spells.
Your spell library contained the following spells:

 Spells                   Type           Power        Failure   Level  Hunger
 Cause Fear               Hex            #.........   99%         4    None
 Magic Dart               Conj           #...         38%         1    None
 Fireball                 Conj/Fire      #.........   100%        5    None
 Apportation              Tloc           #.....       38%         1    None
 Conjure Flame            Conj/Fire      #.......     77%         3    None
 Bolt of Fire             Conj/Fire      #.........   100%        6    None
 Bolt of Cold             Conj/Ice       #.........   100%        6    None
 Lightning Bolt           Conj/Air       #.........   100%        5    None
 Bolt of Magma            Conj/Fire/Erth #.........   100%        5    None
 Slow                     Hex            #.......     54%         2    None
 Confuse                  Hex            #.......     77%         3    None
 Throw Frost              Conj/Ice       #.....       54%         2    None
 Freezing Cloud           Conj/Ice/Air   #.........   100%        6    None
 Mephitic Cloud           Conj/Pois/Air  #.......     77%         3    None
 Ring of Flames           Chrm/Fire      #.........   100%        7    None
 Venom Bolt               Conj/Pois      #.........   100%        5    None
 Olgreb's Toxic Radiance  Pois           #.......     99%         4    None
 Teleport Other           Tloc           #.......     77%         3    None
 Death's Door             Chrm/Necr      #.........   100%        8    None
 Lehudib's Crystal Spear  Conj/Erth      #.........   100%        8    None
 Fire Storm               Conj/Fire      #.........   100%        9    None
 Blink                    Tloc           N/A          54%         2    None
 Summon Horrible Things   Summ           #.........   100%        8    None
 Animate Dead             Necr           N/A          99%         4    None
 Haunt                    Necr/Summ      #.........   100%        7    None
 Borgnjor's Revivificati  Necr           #.........   100%        8    None
 Freeze                   Ice            #...         38%         1    None
 Summon Ice Beast         Ice/Summ       #.......     99%         4    None
 Ozocubu's Armour         Chrm/Ice       #.......     77%         3    None
 Call Imp                 Summ           #.......     54%         2    None
 Poison Arrow             Conj/Pois      #.........   100%        6    None
 Regeneration             Chrm/Necr      #.........   77%         3    None
 Sting                    Conj/Pois      #...         38%         1    None
 Sublimation of Blood     Necr           #.........   54%         2    None
 Summon Demon             Summ           #.........   100%        5    None
 Summon Greater Demon     Summ           #.........   100%        7    None
 Corpse Rot               Necr           N/A          54%         2    None
 Iron Shot                Conj/Erth      #.........   100%        6    None
 Stone Arrow              Conj/Erth      #.....       77%         3    None
 Shock                    Conj/Air       #...         38%         1    None
 Swiftness                Chrm/Air       #.......     54%         2    None
 Recall                   Summ/Tloc      N/A          77%         3    None
 Spider Form              Tmut/Pois      #.........   77%         3    None
 Statue Form              Tmut/Erth      #........    100%        6    None
 Necromutation            Tmut/Necr      #.........   100%        8    None
 Death Channel            Necr           #.........   100%        6    None
 Deflect Missiles         Chrm/Air       #.........   100%        6    None
 Throw Icicle             Conj/Ice       #.......     99%         4    None
 Glaciate                 Conj/Ice       #.........   100%        9    None
 Airstrike                Air            #.........   99%         4    None
 Shadow Creatures         Summ           N/A          100%        6    None
 Confusing Touch          Hex            #.....       38%         1    None
 Passwall                 Tmut/Erth      #.........   54%         2    None
 Ignite Poison            Fire/Tmut/Pois #.......     77%         3    None
 Sticks to Snakes         Tmut           #.......     54%         2    None
 Ensorcelled Hibernation  Hex/Ice        #.....       54%         2    None
 Metabolic Englaciation   Hex/Ice        #.........   100%        5    None
 Silence                  Hex/Air        #.........   100%        5    None
 Dispersal                Tloc           #.........   100%        6    None
 Static Discharge         Conj/Air       #.......     77%         3    None
 Corona                   Hex            #......      38%         1    None
 Alistair's Intoxication  Tmut/Pois      #.......     100%        5    None
 Lee's Rapid Deconstruct  Erth           #.........   100%        5    None
 Sandblast                Erth           #.....       38%         1    None
 Simulacrum               Ice/Necr       #.........   100%        6    None
 Conjure Ball Lightning   Conj/Air       #.........   100%        6    None
 Chain Lightning          Conj/Air       #.........   100%        8    None
 Excruciating Wounds      Chrm/Necr      #.........   100%        5    None
 Portal Projectile        Hex/Tloc       #.....       77%         3    None
 Monstrous Menagerie      Summ           #.........   100%        7    None
 Petrify                  Tmut/Erth      #.......     99%         4    None
 Orb of Destruction       Conj           #.........   100%        7    None
 Malign Gateway           Summ/Tloc      #.........   100%        7    None
 Tornado                  Air            #.........   100%        9    None
 Leda's Liquefaction      Hex/Erth       #.........   99%         4    None
 Summon Hydra             Summ           #.........   100%        7    None
 Aura of Abjuration       Summ           #.........   100%        5    None
 Beastly Appendage        Tmut           #.....       38%         1    None
 Iskenderun's Battlesphe  Conj/Chrm      #.......     100%        5    None
 Fulminant Prism          Conj/Hex       #.........   99%         4    None
 Discord                  Hex            #.........   100%        8    None
 Summon Forest            Summ/Tloc      #.........   100%        5    None
 Summon Lightning Spire   Summ/Air       #.......     99%         4    None
 Spellforged Servitor     Conj/Summ      #.........   100%        7    None
 Summon Mana Viper        Hex/Summ       #.......     100%        5    None
 Hydra Form               Tmut           #.........   100%        6    None
 Irradiate                Conj/Tmut      #.........   100%        5    None
 Gell's Gravitas          Tloc           #.........   77%         3    None
 Yara's Violent Unravell  Hex/Tmut       #.........   100%        5    None
 Infestation              Necr           #.........   100%        8    None
 Lesser Beckoning         Tloc           #.........   77%         3    None
 Poisonous Vapours        Pois/Air       #.....       54%         2    None
 Ignition                 Fire           #.........   100%        8    None
 Borgnjor's Vile Clutch   Necr/Erth      #.........   100%        5    None


Dungeon Overview and Level Annotations

Branches:
Dungeon (1/1)

Altars:
Ashenzari
Cheibriados
Dithmenos
Elyvilon
Fedhas
Gozag
Hepliaklqana
Kikubaaqudgha
Makhleb
Nemelex Xobeh
Okawaru
Qazlal
Ru
Sif Muna
Trog
Uskayaw
Vehumet
Wu Jian
Xom
Yredelemnul
Zin
The Shining One
Beogh
Jiyva
Lugonu


Innate Abilities, Weirdness & Mutations

You have hooves in place of feet.
You are mostly covered in yellow scales. (AC +3)
Your flesh is cold resistant. (rC+)
A meltable icy envelope protects you from harm. (AC +10)
You are slightly more attuned to the shadows.
You are immune to freezing clouds.
Armour fits poorly on your strangely shaped body.


Message History

You block the skeletal warrior's attack.
GONNNNG!
You block the ghoul's attack.
GONNNNG!
You block the ghoul's attack.
GONNNNG!
The shadow slips into darkness.
The shadow flickers and vanishes!
Deactivating autopickup; reactivate with Ctrl-A.
You block the ghoul's attack.
GONNNNG!
You block the ghoul's attack.
GONNNNG!
You regained 2 mp, and now have 5/34 mp.
Unknown command.
You can feel time thicken for a moment.
You destroy the skeletal warrior!
Cheibriados appreciates the change of pace.
You destroy the skeletal warrior!
Cheibriados appreciates the change of pace.
You destroy the skeletal warrior!
Cheibriados appreciates the change of pace. x2
Reactivating autopickup.
You feel a bit more experienced.
You feel somewhat less full. You block the ghoul's attack.
SHROANNG!
You block the ghoul's attack.
GONNNNG!
You block the ghoul's attack.
PTOANNNG!
You block the ghoul's attack.
BOUMMMMG!
You now have 0/34 mp.
Unknown command.
Unknown command.
You channel some magical energy.
You feel slightly less full. The ghoul claws you but does no damage.
You block the ghoul's attack.
SHROANNG!
You block the ghoul's attack.
BONNNG!
You block the ghoul's attack.
SHROANNG!
You regained 4 mp, and now have 4/34 mp.
You channel some magical energy.
You feel slightly less full. The ancient lich misses you.
You block the ghoul's attack.
BOUMMMMG!
You block the ghoul's attack.
PTOANNNG!
The shadow slips into darkness.
The shadow flickers and vanishes!
Deactivating autopickup; reactivate with Ctrl-A.
The ghoul claws you but does no damage. You block the ghoul's attack.
PTOANNNG!
You can feel time thicken for a moment.
Cheibriados appreciates the change of pace.
Reactivating autopickup.
You feel a bit more experienced.
You feel somewhat less full. The ancient lich casts a spell at you.
You suddenly lose the ability to move!
The ghoul claws you but does no damage. The ghoul claws you.
The ghoul barely misses you. The ghoul claws you but does no damage.
A shadow comes into view.
The ancient lich touches you but does no damage.
The ghoul claws you! The ghoul claws you but does no damage.
The ghoul claws you but does no damage. x2
The ancient lich touches you but does no damage.
The ghoul claws you but does no damage. x3; The ghoul claws you.
The ancient lich touches you but does no damage.
The ghoul claws you! x3; The ghoul barely misses you.
The ancient lich conjures a glowing orb.
The wavering orb of destruction weakly hits you!
* * * LOW HITPOINT WARNING * * *
The ghoul claws you!
* * * LOW HITPOINT WARNING * * *
The ghoul claws you but does no damage.
The ghoul claws you but does no damage. x2
The ancient lich touches you but does no damage.
The ghoul claws you but does no damage. x3; The ghoul claws you.
* * * LOW HITPOINT WARNING * * *
The ancient lich touches you but does no damage.
The ghoul claws you but does no damage. x4
The ancient lich touches you but does no damage.
The ghoul claws you!
* * * LOW HITPOINT WARNING * * *
The ghoul claws you.
* * * LOW HITPOINT WARNING * * *
The ancient lich touches you but does no damage.
The ghoul claws you but does no damage. x3; The ghoul claws you.
* * * LOW HITPOINT WARNING * * *
The ghoul claws you!
* * * LOW HITPOINT WARNING * * *
The ghoul claws you!
* * * LOW HITPOINT WARNING * * *
The ancient lich touches you.
* * * LOW HITPOINT WARNING * * *
You partially resist.
You feel drained. The ghoul barely misses you. The ghoul claws you!
* * * LOW HITPOINT WARNING * * *
The ghoul claws you but does no damage. The ghoul claws you!
You die...

......).... .
...)..... .
..▓...)...▓).
......)..).).
.....)W).....
.....nLn.....
.....)@n.....
▓▓▓▓▓▓▓▓▓▓▓▓▓


You could see 3 ghouls, an ancient lich and a shadow.

Vanquished Creatures
  8 pandemonium lords (D)
  2 juggernauts (shapeshifter) (D)
  2 caustic shrikes (shapeshifter) (D)
  A bone dragon (D)
  2 liches (D)
  A deep elf blademaster (D)
  3 Ice Fiends (D)
  A quicksilver dragon (shapeshifter) (D)
  A titan (shapeshifter) (D)
  An acid blob (shapeshifter) (D)
  A kraken (D)
  An acid blob (D)
  3 quicksilver dragons (D)
  A sphinx (shapeshifter) (D)
  A shadow dragon (shapeshifter) (D)
  3 azure jellies (D)
  A fire giant (shapeshifter) (D)
  An iron dragon (D)
  3 deep elf sorcerers (D)
  A corrupter (D)
  2 frost giants (shapeshifter) (D)
  2 balrugs (D)
  3 reapers (D)
  6 vampire knights (D)
  2 very ugly things (D)
  7 merfolk javelineers (D)
  6 death oozes (D)
  2 crystal guardians (D)
  2 blizzard demons (D)
  A deep elf high priest (D)
  A great orb of eyes (D)
  A hydra (shapeshifter) (D)
  3 merfolk aquamancers (D)
  2 dancing weapons (D)
  A two-headed ogre (shapeshifter) (D)
  2 vampire magi (D)
  2 shock serpents (shapeshifter) (D)
  A sun demon (D)
  2 deep elf knights (D)
  2 soul eaters (D)
  An iron golem (D)
  2 sixfirhies (D)
  11 skeletal warriors (D)
  A glowing orange brain (shapeshifter) (D)
  A death drake (shapeshifter) (D)
  An infernal demonspawn (D)
  An unseen horror (shapeshifter) (D)
  4 deep elf archers (D)
  A harpy (shapeshifter) (D)
  A shining eye (D)
  A shining eye (shapeshifter) (D)
  4 necromancers (D)
  A manticore (shapeshifter) (D)
  A mana viper (shapeshifter) (D)
  A wolf spider (D)
  5 deep elf magi (D)
  A manticore (D)
  5 toenail golems (D)
  A faun (shapeshifter) (D)
  3 ugly things (D)
  2 moths of wrath (shapeshifter) (D)
  2 guardian serpents (shapeshifter) (D)
  A black mamba (D)
  A torpor snail (shapeshifter) (D)
  An eye of devastation (shapeshifter) (D)
  An eye of devastation (D)
  3 gargoyles (D)
  2 spiny frogs (D)
  A large abomination (D)
  2 orange demons (D)
  3 smoke demons (D)
  A hellion (D)
  A rime drake (D)
  4 freezing wraiths (D)
  A tormentor (D)
  3 komodo dragons (D)
  3 hellwings (D)
  2 komodo dragons (shapeshifter) (D)
  A yaktaur (shapeshifter) (D)
  4 ice devils (D)
  7 merfolk (D)
  A merfolk (shapeshifter) (D)
  A queen bee (shapeshifter) (D)
  5 red devils (D)
  A jumping spider (shapeshifter) (D)
  A tyrant leech (shapeshifter) (D)
  A wind drake (shapeshifter) (D)
  A meliai (shapeshifter) (D)
  4 wind drakes (D)
  2 dream sheep (shapeshifter) (D)
  3 hippogriffs (D)
  2 blink frogs (D)
  11 slime creatures (D)
  2 snapping turtles (D)
  A snapping turtle (shapeshifter) (D)
  7 shadows (D)
  4 flying skulls (D)
  A tarantella (D)
  An air elemental (D)
  2 vampires (D)
  A yak (D)
  3 water elementals (D)
  A wyvern (shapeshifter) (D)
  A basilisk (shapeshifter) (D)
  3 wraiths (D)
  3 steam dragons (D)
  A golden eye (D)
  A wyvern (D)
  2 chaos spawn (D)
  2 nagas (D)
  A soldier ant (shapeshifter) (D)
  2 floating eyes (shapeshifter) (D)
  3 acid dragons (D)
  4 porcupines (D)
  A hell hound (D)
  A swamp drake (D)
  A black bear (shapeshifter) (D)
  A necrophage (D)
  3 wolves (D)
  4 centaurs (D)
  2 crocodiles (D)
  A big kobold (shapeshifter) (D)
  3 earth elementals (D)
  4 scorpions (D)
  8 wights (D)
  A crimson imp (D)
  A quasit (D)
  An iguana (D)
  2 jellies (D)
  2 adders (D)
  A river rat (D)
  3 white imps (D)
  2 oozes (D)
  6 adder skeletons (D)
  6 adder zombies (D)
  2 ball pythons (D)
  5 bat skeletons (D)
  5 bat zombies (D)
  2 jackals (D)
  2 ball python skeletons (D)
  2 giant cockroach zombies (D)
  5 jackal skeletons (D)
  2 jackal zombies (D)
  4 leopard gecko skeletons (D)
  A leopard gecko zombie (D)
  2 quokka skeletons (D)
  5 quokka zombies (D)
351 creatures vanquished.

Vanquished Creatures (others)
  A soul eater (D)
  A large abomination (D)
  An ice devil (D)
  A chaos spawn (D)
  4 tentacles (D)
8 creatures vanquished.

Grand Total: 359 creatures vanquished

Notes
Turn   | Place    | Note
-------+----------+-------------------------------------------
     0 | D        | Found the +6 Majin-Bo {vamp, Archmagi MP+6 Int+6}
     0 | D        | Found the +7 great mace "Firestarter" {inner flame, rF++}
     0 | D        | Goblin1989 the Demonspawn Monk began the quest for the Orb.
     0 | D        | Reached XP level 1. HP: 18/18 MP: 1/1
     0 | D        | Found a blossoming altar of Fedhas.
     1 | D        | Found a viscous altar of Jiyva.
     1 | D        | Found a hazy altar of Hepliaklqana.
     1 | D        | Found a transporter.
     1 | D        | Found an opulent altar of Gozag.
     1 | D        | Found an ancient bone altar of Kikubaaqudgha.
     1 | D        | Found a corrupted altar of Lugonu.
     6 | D        | Became a worshipper of Cheibriados the Contemplative
     6 | D        | Reached * piety under Cheibriados
     6 | D        | Reached ** piety under Cheibriados
    32 | D        | Found a burning altar of Makhleb.
    33 | D        | Found a sacrificial altar of Ru.
    33 | D        | Found a stormy altar of Qazlal.
    33 | D        | Found a deep blue altar of Sif Muna.
    33 | D        | Found an iron altar of Okawaru.
    33 | D        | Found a bloodstained altar of Trog.
    33 | D        | Found a sparkling altar of Nemelex Xobeh.
    50 | D        | Found the +9 heavy crossbow "Sniper" {velocity, Acc+∞ SInv}
    50 | D        | Found the +10 dark maul {crush}
    50 | D        | Found the +15 Maxwell's patent armour {-Cast -Tele rElec MR+ rCorr}
    50 | D        | Found the +18 shield of the Gong {rElec rN+ MR+ EV-5}
    50 | D        | Found the cursed +14 obsidian axe {chop, +Fly SInv *Curse}
    52 | D        | Found the +6 shillelagh "Devastator" {shatter}
    52 | D        | Found the +11 plutonium sword {*Contam Stlth-}
    52 | D        | Found the +8 lance "Wyrmbane" {slay drac, rPois rF+ rC+ AC+3}
    52 | D        | Found the +9 sword of Zonguldrok {reap}
    52 | D        | Found the cursed +13 scythe of Curses {drain, *Curse}
    52 | D        | Found the +0 sword of Power
    52 | D        | Found the +2 mace of Variability {chaos}
    52 | D        | Found the +7 Singing Sword
    52 | D        | Found the +7 longbow "Piercer" {penet, EV-2}
    81 | D        | Reached skill level 3 in Invocations
    81 | D        | Gained mutation: You are partially covered in yellow scales. (AC +2) [demonic ancestry]
    81 | D        | Reached XP level 2. HP: 25/25 MP: 1/4
   117 | D        | Entered arena 2.
   117 | D        | Noticed a porcupine
   117 | D        | Found a transporter.
   118 | D        | Killed a porcupine
   118 | D        | Reached skill level 5 in Fighting
   118 | D        | Reached skill level 5 in Invocations
   118 | D        | Gained mutation: Your flesh is cold resistant. (rC+) [demonic ancestry]
   118 | D        | Reached XP level 3. HP: 32/33 MP: 4/6
   118 | D        | Reached XP level 4. HP: 38/39 MP: 4/7
   123 | D        | Got the Almanac of Captivating Venom
   126 | D        | Entered arena 3.
   126 | D        | Noticed a necrophage
   126 | D        | Found a transporter.
   130 | D        | Killed a necrophage
   130 | D        | Reached *** piety under Cheibriados
   130 | D        | Reached skill level 6 in Invocations
   130 | D        | Gained mutation: You are slightly more attuned to the shadows. [demonic ancestry]
   130 | D        | Reached XP level 5. HP: 46/46 MP: 5/9
   136 | D        | Entered arena 4.
   136 | D        | Noticed a wolf
   136 | D        | Noticed a porcupine
   136 | D        | Noticed a wolf
   136 | D        | Found a transporter.
   139 | D        | Reached **** piety under Cheibriados
   139 | D        | Killed a porcupine
   139 | D        | Reached skill level 7 in Invocations
   139 | D        | Reached XP level 6. HP: 34/52 MP: 7/11
   140 | D        | Reached skill level 5 in Armour
   140 | D        | Reached skill level 5 in Shields
   143 | D        | Reached ***** piety under Cheibriados
   150 | D        | Entered arena 5.
   150 | D        | Noticed a hellwing
   150 | D        | Noticed a sixfirhy
   150 | D        | Found a transporter.
   151 | D        | Killed a sixfirhy
   151 | D        | Reached skill level 9 in Invocations
   151 | D        | Reached XP level 7. HP: 44/61 MP: 9/13
   151 | D        | Gained mutation: You are mostly covered in yellow scales. (AC +3) [demonic ancestry]
   151 | D        | Reached XP level 8. HP: 49/68 MP: 9/15
   151 | D        | Reached skill level 10 in Axes
   156 | D        | Killed a hellwing
   233 | D        | Entered arena 6.
   233 | D        | Noticed a toenail golem
   233 | D        | Noticed a toenail golem
   233 | D        | Noticed a toenail golem
   233 | D        | Noticed a toenail golem
   233 | D        | Noticed a toenail golem
   233 | D        | Found a transporter.
   242 | D        | Killed a toenail golem
   242 | D        | Reached skill level 10 in Invocations
   242 | D        | Killed a toenail golem
   242 | D        | Reached skill level 11 in Invocations
   242 | D        | Reached XP level 9. HP: 75/75 MP: 11/17
   243 | D        | Killed a toenail golem
   243 | D        | Reached skill level 12 in Invocations
   244 | D        | Killed a toenail golem
   247 | D        | Killed a toenail golem
   247 | D        | Reached skill level 13 in Invocations
   255 | D        | Entered arena 7.
   255 | D        | Noticed a wolf spider
   257 | D        | Found a transporter.
   258 | D        | Reached ****** piety under Cheibriados
   267 | D        | Killed a wolf spider
   267 | D        | Reached skill level 10 in Fighting
   267 | D        | Reached skill level 14 in Invocations
   276 | D        | Entered arena 8.
   279 | D        | Found a transporter.
   281 | D        | Reached XP level 10. HP: 85/85 MP: 15/20
   290 | D        | Got the cursed +0 spear of the Exiled Gods {pain, rC+ rN+ Int+4}
   297 | D        | Entered arena 9.
   369 | D        | Found a transporter.
   376 | D        | Got the +5 dire flail "Gyuwar" {crush, *Drain rPois Str+2 Int+8}
   387 | D        | Got Ushergh's Handbook of Augmentations and Venom
   390 | D        | Entered arena 10.
   392 | D        | Found a transporter.
   395 | D        | Reached skill level 15 in Invocations
   403 | D        | Got the ring "Xyibb" {MR+ Str+4 Int+7}
   421 | D        | Got the +1 buckler "Wuegreuh" {rPois}
   465 | D        | Entered arena 11.
   468 | D        | Reached skill level 16 in Invocations
   468 | D        | Reached skill level 10 in Shields
   468 | D        | Reached skill level 10 in Armour
   469 | D        | Found a transporter.
   523 | D        | Entered arena 12.
   524 | D        | Noticed a spiny frog
   524 | D        | Noticed a black mamba
   525 | D        | Noticed a spiny frog
   526 | D        | Killed a black mamba
   526 | D        | Gained mutation: You have large cloven feet. [demonic ancestry]
   526 | D        | Reached XP level 11. HP: 83/93 MP: 23/23
   527 | D        | Reached skill level 17 in Invocations
   529 | D        | Found a transporter.
   538 | D        | Got the ring "Tukeorpho" {+Fly rN+ Int-3 Stlth+}
   546 | D        | Got the cursed +1 robe of Complete Protection {rC+ Regen+ Int-2}
   640 | D        | Entered arena 13.
   641 | D        | Noticed a great orb of eyes
   641 | D        | Noticed an azure jelly
   641 | D        | Noticed an acid blob
   642 | D        | Noticed a death ooze
   642 | D        | Noticed a shining eye
   643 | D        | Noticed an azure jelly
   645 | D        | Found the brooch of Shielding {Reflect SH+8}
   646 | D        | Killed an azure jelly
   646 | D        | Reached skill level 18 in Invocations
   646 | D        | Killed an azure jelly
   646 | D        | Killed a death ooze
   647 | D        | Killed an acid blob
   647 | D        | Reached skill level 19 in Invocations
   648 | D        | Killed a great orb of eyes
   648 | D        | Gained mutation: You are immune to freezing clouds. [demonic ancestry]
   648 | D        | Reached XP level 12. HP: 71/103 MP: 19/25
   648 | D        | Gained mutation: Armour fits poorly on your strangely shaped body. [a shining eye]
   653 | D        | Found a transporter.
   754 | D        | Entered arena 14.
   812 | D        | Noticed a quicksilver dragon
   812 | D        | Noticed an iron dragon
   812 | D        | Noticed a crystal guardian
   812 | D        | Noticed a crystal guardian
   812 | D        | Noticed a quicksilver dragon
   813 | D        | Noticed a quicksilver dragon
   814 | D        | Found the cursed necklace of Bloodlust {*Rage +Rage MR++ Int-3 Slay+6 *Curse}
   815 | D        | Killed a quicksilver dragon
   815 | D        | Reached skill level 20 in Invocations
   816 | D        | Killed a quicksilver dragon
   816 | D        | Killed a quicksilver dragon
   816 | D        | Reached skill level 21 in Invocations
   819 | D        | Killed a crystal guardian
   819 | D        | Killed a crystal guardian
   828 | D        | Killed an iron dragon
   831 | D        | Found a transporter.
   849 | D        | Got the +4 bardiche of Popit {flame, +Rage rF+ MR+ Int-4}
  1083 | D        | Entered arena 15.
  1085 | D        | Noticed Pivyt the pandemonium lord
  1086 | D        | Noticed a monstrous corrupter
  1087 | D        | Reached skill level 22 in Invocations
  1087 | D        | Reached XP level 13. HP: 107/113 MP: 21/28
  1090 | D        | Noticed an acid blob
  1090 | D        | Noticed an azure jelly
  1090 | D        | Noticed an acid blob
  1093 | D        | Noticed an acid blob
  1099 | D        | Killed Pivyt the pandemonium lord
  1099 | D        | Reached skill level 15 in Fighting
  1099 | D        | Reached skill level 15 in Axes
  1099 | D        | Reached skill level 23 in Invocations
  1102 | D        | Killed a monstrous corrupter
  1104 | D        | Found a transporter.
  1115 | D        | Got the amulet "Axacaoni" {Harm *Drain Dex+2}
  1369 | D        | Entered arena 16.
  1369 | D        | Noticed a quicksilver dragon
  1369 | D        | Noticed a green draconian
  1369 | D        | a death yak changed into a green draconian
  1370 | D        | Noticed a white very ugly thing
  1370 | D        | Noticed an emperor scorpion
  1370 | D        | a green draconian changed into an emperor scorpion
  1370 | D        | Noticed a red very ugly thing
  1371 | D        | an emperor scorpion changed into an eight-headed hydra
  1373 | D        | Killed a quicksilver dragon
  1373 | D        | Killed a white very ugly thing
  1373 | D        | Reached skill level 5 in Dodging
  1373 | D        | Reached skill level 24 in Invocations
  1374 | D        | Killed a red very ugly thing
  1377 | D        | Found the +3 Elemental Staff {rElec rF++ rC++ MR++ AC+5}
  1379 | D        | Found a transporter.
  1388 | D        | Got the amulet "Bemai" {Reflect MR+ SH+3}
  1471 | D        | Entered arena 17.
  1475 | D        | Noticed a vampire knight
  1475 | D        | Noticed a vampire knight
  1477 | D        | Found a transporter.
  1480 | D        | Gained mutation: A meltable icy envelope protects you from harm. (AC +10) [demonic ancestry]
  1480 | D        | Reached XP level 14. HP: 113/124 MP: 19/30
  1480 | D        | Killed a vampire knight
  1482 | D        | Killed a vampire knight
  1484 | D        | Got the +1 morningstar of the Manifold Deaths {crush, rC+ Str+2 Int-5 Dex+4}
  1577 | D        | Entered arena 18.
  1583 | D        | Noticed an azure jelly
  1584 | D        | Found the +8 storm bow {elec}
  1585 | D        | Reached skill level 25 in Invocations
  1586 | D        | Killed an azure jelly
  1586 | D        | Reached skill level 15 in Shields
  1589 | D        | Reached skill level 15 in Armour
  1593 | D        | Found a transporter.
  1606 | D        | Got the +4 ring mail of Fileb {Int+2}
  1614 | D        | Got the cursed +0 dagger "Fuqel" {drain, rElec rN+}
  1696 | D        | Entered arena 19.
  1700 | D        | Noticed Qir Aqeotu the pandemonium lord
  1700 | D        | Noticed Roiwkex the pandemonium lord
  1700 | D        | Noticed Pasoaror the pandemonium lord
  1700 | D        | Noticed Zymer the pandemonium lord
  1700 | D        | Noticed Gulog the pandemonium lord
  1701 | D        | Noticed Fotauc the pandemonium lord
  1701 | D        | Noticed Vubbiasi the pandemonium lord
  1703 | D        | Noticed a Hell Sentinel
  1706 | D        | Killed Roiwkex the pandemonium lord
  1706 | D        | Reached skill level 10 in Dodging
  1707 | D        | Killed Fotauc the pandemonium lord
  1707 | D        | Reached skill level 26 in Invocations
  1707 | D        | Killed Zymer the pandemonium lord
  1707 | D        | Noticed a Brimstone Fiend
  1711 | D        | Killed Qir Aqeotu the pandemonium lord
  1716 | D        | Killed Gulog the pandemonium lord
  1716 | D        | Reached skill level 27 in Invocations
  1716 | D        | Gained mutation: You have hoof-like feet. [demonic ancestry]
  1716 | D        | Reached XP level 15. HP: 49/134 MP: 26/32
  1717 | D        | Killed Vubbiasi the pandemonium lord
  1722 | D        | Killed Pasoaror the pandemonium lord
  1726 | D        | Found a transporter.
  1983 | D        | Got the ring "Heg Feuc" {rC+ rN+ Str-4 Dex+4}
  1989 | D        | Got the cursed +1 trident "Awneo" {pierce, +Inv rElec Dex+5 Stlth-}
  1991 | D        | Got the ring "Taad" {rPois rF- rN++ MP+9 Str+5}
  2005 | D        | Entered arena 20.
  2011 | D        | Noticed a deep elf blademaster
  2011 | D        | Noticed a deep elf sorcerer
  2011 | D        | Noticed a deep elf sorcerer
  2011 | D        | Noticed a deep elf sorcerer
  2013 | D        | Found the amulet of Vitality {Regen+ HP+15}
  2013 | D        | Reached skill level 1 in Evocations
  2014 | D        | Killed a deep elf sorcerer
  2014 | D        | Killed a deep elf sorcerer
  2015 | D        | Killed a deep elf sorcerer
  2015 | D        | Reached skill level 5 in Evocations
  2015 | D        | Reached skill level 15 in Dodging
  2016 | D        | Killed a deep elf blademaster
  2021 | D        | Found a transporter.
  2034 | D        | Got Soleumaq's Reference Book on Transformation and Contamination
  2040 | D        | Got the +5 arbalest "Beetle's Death Toll" {flame, rF++ Str+2}
  2045 | D        | Got the cursed +1 chain mail "Uxait" {rPois Str+6}
  2094 | D        | Entered arena 21.
  2100 | D        | Noticed a kraken
  2105 | D        | Gained mutation: You have hooves in place of feet. [demonic ancestry]
  2105 | D        | Reached XP level 16. HP: 152/152 MP: 13/33
  2105 | D        | Reached skill level 10 in Evocations
  2107 | D        | Killed a kraken
  2111 | D        | Found a transporter.
  2113 | D        | Got the +11 trident of the Distant Future {pierce, +Inv rPois rN+}
  2290 | D        | Got the Volume of the Dusty Snowflakes
  2297 | D        | Got Sif Muna's Papyrus of Supportive Cold
  2308 | D        | Entered arena 22.
  2324 | D        | Found a transporter.
  2335 | D        | Got the +1 troll leather armour of Salvation {rPois rC+ MR- Regen+ Dex+3}
  2337 | D        | Got the +4 hand axe of Coushaeg {chop, rC+ rN+}
  2342 | D        | Got the Collected Works on Boosts
  2344 | D        | Got the cursed +1 demon whip "Ynar" {freeze, Dex+4}
  2348 | D        | Got Coisain's Catalogue of the Unstable Mountains
  2370 | D        | Entered arena 23.
  2379 | D        | Noticed an Ice Fiend
  2379 | D        | Noticed an Ice Fiend
  2379 | D        | Noticed an Ice Fiend
  2380 | D        | Found the +8 longbow "Zephyr" {speed, Dex+3 SInv}
  2380 | D        | Noticed a bone dragon
  2384 | D        | Killed an Ice Fiend
  2385 | D        | Killed an Ice Fiend
  2385 | D        | Killed an Ice Fiend
  2391 | D        | Killed a bone dragon
  2401 | D        | Found a transporter.
  2408 | D        | Got the cursed +0 leather armour of Ahof {-Cast Dex+6 Stlth+}
  2411 | D        | Got the ring of Yney {-Tele rC+ Str+4 Int-2 SInv}
  2420 | D        | Got the Handbook of Supportive Envenoming
  2432 | D        | Got the +2 buckler of Dogmatism {rC- MR+ Str-2 Dex+7}
  2439 | D        | Got the cursed +1 great mace "Spiderbane" {elec, +Blink +Rage Dex+4}
  2689 | D        | Entered arena 24.
  2696 | D        | Noticed a juggernaut
  2696 | D        | Noticed a juggernaut
  2696 | D        | a glowing shapeshifter changed into a juggernaut
  2696 | D        | Noticed a juggernaut
  2696 | D        | a glowing shapeshifter changed into a juggernaut
  2697 | D        | Found the +3 warlock's mirror {reflect}
  2697 | D        | Noticed a golden dragon
  2697 | D        | a juggernaut changed into a golden dragon
  2697 | D        | Noticed a juggernaut
  2701 | D        | Killed a juggernaut
  2701 | D        | Noticed a titan
  2701 | D        | a juggernaut changed into a titan
  2701 | D        | Noticed a titan
  2701 | D        | a golden dragon changed into a titan
  2701 | D        | Noticed a shard shrike
  2701 | D        | Noticed a juggernaut
  2702 | D        | Killed a juggernaut
  2702 | D        | Reached skill level 15 in Evocations
  2702 | D        | Noticed a juggernaut
  2702 | D        | a titan changed into a juggernaut
  2702 | D        | Noticed a caustic shrike
  2702 | D        | a titan changed into a caustic shrike
  2702 | D        | Noticed an acid blob
  2703 | D        | Killed a caustic shrike
  2703 | D        | Noticed a titan
  2703 | D        | a juggernaut changed into a titan
  2704 | D        | Reached XP level 17. HP: 111/164 MP: 5/34
  2704 | D        | a juggernaut changed into an iron dragon
  2704 | D        | Noticed a juggernaut
  2705 | D        | an acid blob changed into a shadow dragon
  2707 | D        | Noticed a golden dragon
  2707 | D        | an iron dragon changed into a golden dragon
  2708 | D        | Noticed a juggernaut
  2709 | D        | a juggernaut changed into an iron dragon
  2709 | D        | Noticed a quicksilver dragon
  2710 | D        | a quicksilver dragon changed into a frost giant
  2710 | D        | Noticed a caustic shrike
  2710 | D        | an iron dragon changed into a caustic shrike
  2712 | D        | Noticed a shard shrike
  2712 | D        | a juggernaut changed into a shard shrike
  2712 | D        | Noticed a caustic shrike
  2712 | D        | a golden dragon changed into a caustic shrike
  2715 | D        | Killed a titan
  2715 | D        | Noticed a titan
  2715 | D        | a shard shrike changed into a titan
  2716 | D        | Noticed a golden dragon
  2716 | D        | a titan changed into a golden dragon
  2718 | D        | Killed a caustic shrike
  2719 | D        | Noticed an iron giant
  2719 | D        | a caustic shrike changed into an iron giant
  2720 | D        | Found a transporter.
  2720 | D        | a golden dragon changed into a shadow dragon
  2723 | D        | Noticed an acid blob
  2723 | D        | an iron dragon changed into an acid blob
  2723 | D        | Noticed an acid blob
  2723 | D        | an iron giant changed into an acid blob
  2724 | D        | Killed an acid blob
  2725 | D        | an acid blob changed into a shadow dragon
  2726 | D        | Noticed an acid blob
  2726 | D        | a shadow dragon changed into an acid blob
  2730 | D        | HP: 7/166 [death yak (glowing shapeshifter) (17)]
  2731 | D        | Noticed an iron giant
  2731 | D        | an acid blob changed into an iron giant
  2738 | D        | an iron giant changed into an iron dragon
  2760 | D        | Got the +0 falchion of Wisdom {slice, Str+3}
  3110 | D        | Got the +5 trident of Terror {antimagic, +Rage +Inv}
  3129 | D        | Got the +3 shortbow "Ynufyjusch" {velocity, Int+6}
  3131 | D        | Got the +8 hand crossbow "Ticuokkoi" {elec, rN+ Str-5 Dex+5}
  3134 | D        | Got the +4 quarterstaff of Witusmok {drain, Fragile rF+ MR+ Int+3}
  3142 | D        | Got the Grimoire of Displaced Toxins
  3175 | D        | Entered arena 25.
  3185 | D        | Paralysed by a vampire knight for 3 turns
  3200 | D        | Noticed a lich
  3201 | D        | Noticed a lich
  3204 | D        | Killed a lich
  3204 | D        | Killed a lich
  3204 | D        | Noticed an ancient lich
  3211 | D        | Paralysed by an ancient lich for 7 turns
  3217 | D        | Slain by a ghoul

Vault maps used:
D:        sprint_v

Skill      XL: |  1  2  3  4  5  6  7  8  9 10 11 12 13 14 15 16 17 |
---------------+----------------------------------------------------+-----
Fighting       | 4 5 6 7 8 10 11 12 14 15 17 21 24 25 | 25.9
Axes           | 4 6 7 9 10 11 12 13 14 15 17 18 | 18.2
Armour         | 2 3 4 6 7 8 10 11 12 14 16 18 21 23 | 23.9
Shields        | 2 3 4 6 7 9 10 11 13 14 15 | 15.0
Invocations    | 3 5 6 7 9 11 14 16 19 22 24 27 | 27.0
Dodging        | 7 12 16 19 21 | 21.4
Evocations     | 9 15 16 | 16.4
Stealth        | |  1.7

Action                   |  1- 3 |  4- 6 |  7- 9 | 10-12 | 13-15 | 16-18 || total
-------------------------+-------+-------+-------+-------+-------+-------++-------
Melee: Broad axe         |     1 |    11 |    23 |    24 |    18 |    48 ||   125
       Kick              |       |       |       |     3 |     7 |    28 ||    38
Invok: Slouch            |       |       |     3 |    22 |    39 |    38 ||   102
Evoke: Staff of energy   |       |       |       |       |       |    13 ||    13
       Wand              |       |       |       |       |       |     1 ||     1
  Use: Potion            |     3 |       |     3 |     5 |     9 |     9 ||    29
       Scroll            |       |       |       |     5 |     6 |     5 ||    16
 Stab: Invisible         |       |       |    15 |       |       |       ||    15
  Eat: Chunk             |       |       |       |     2 |       |       ||     2
       Ration            |       |       |       |     1 |     1 |     4 ||     6
Armor: Gold dragon scale |       |     3 |     7 |    26 |    23 |    51 ||   110
Dodge: Dodged            |       |     2 |     2 |    13 |    20 |    40 ||    77
Block: Shield            |       |    25 |    46 |   101 |   140 |   177 ||   489
       Reflection        |       |       |       |       |    13 |     4 ||    17

Table legend:
 A = Spawn XP
 B = Non-spawn XP
 C = Spawn XP percentage of total XP
 D = Spawn monster count
 E = Non-spawn monster count
 F = Spawn count percentage of total count
 G = Total turns spent on level
                    A         B        C        D         E        F      G
               +---------+---------+-------+---------+---------+-------+---------
         Total |       0 |  259128 |   0.0 |       0 |     351 |   0.0 |  3217
               +---------+---------+-------+---------+---------+-------+---------
             D |       0 |  259128 |   0.0 |       0 |     351 |   0.0 |  3217
               +---------+---------+-------+---------+---------+-------+---------

Vault maps used:
D:        sprint_v
